 Dungeon Crawl Stone Soup version 0.30-a0-965-g42e074c17a (webtiles) character file.

Game seed: 7534647408563779419

5649 Ahpoh the Carver (level 10, -5/94 HPs)
             Began as a Gargoyle Gladiator on Mar 30, 2023.
             Was a Follower of Wu Jian.
             Slain by an ice devil (11 damage)
             ... on level 11 of the Dungeon.
             The game lasted 00:28:03 (8572 turns).

Ahpoh the Carver (Gargoyle Gladiator)               Turns: 8572, Time: 00:28:04

Health: -5/94      AC: 25    Str: 18    XL:     10   Next: 74%
Magic:  10/10      EV:  2    Int:  9    God:    Wu Jian [*.....]
Gold:   424        SH:  0    Dex: 15    Spells: 9/9 levels left

rFire   . . .      SeeInvis .    a - +0 long sword
rCold   + . .      Faith    .    (no shield)
rNeg    + . .      Spirit   .    f - melded +0 chain mail
rPois   ∞          Reflect  .    c - melded +0 helmet
rElec   .          Rampage  .    j - melded scarf {rC+ rF+}
rCorr   .          NoTele   +    v - melded +0 pair of gloves
Will    .....                    y - melded +1 pair of boots
Stlth   ++                       (no amulet)
HPRegen 0.35/turn                g - +5 ring of evasion
MPRegen 0.12/turn                n - ring of protection from cold

@: tree-form, attractive
A: stationary, stasis, torment immunity, boosted hp, sickness immunity, AC +7,
negative energy resistance 1, (electricity resistance), torment resistance 1,
petrification resistance
a: Renounce Religion


You were on level 11 of the Dungeon.
You worshipped Wu Jian.
Wu Jian was aware of your devotion.
You were a tree.
You visited 1 branch of the dungeon, and saw 9 of its levels.
You also visited: Sewer.

You collected 424 gold pieces.

Inventory:

Hand Weapons
 a - a +0 long sword (weapon)
Missiles
 e - 6 javelins
 B - 5 throwing nets (quivered)
Armour
 c - a +0 helmet (melded)
 f - a +0 chain mail (melded)
 j - a scarf of resistance (melded)
 v - a +0 pair of gloves (melded)
 y - a +1 pair of boots (melded)
Magical Staves
 C - a staff of fire
Jewellery
 g - a +5 ring of evasion (left branch)
 n - a ring of protection from cold (right branch)
Wands
 A - a wand of light (3)
Scrolls
 h - 2 scrolls of blinking
 o - a scroll of brand weapon
 p - 2 scrolls of amnesia
 s - 4 scrolls of enchant armour
 x - a scroll of enchant weapon {unknown}
 D - 3 scrolls of noise
 E - a scroll of silence {unknown}
Potions
 b - 2 potions of mutation {unknown}
 d - a potion of might {unknown}
 i - a potion of attraction
 k - a potion of lignification
 l - 2 potions of haste {unknown}
 t - 2 potions of curing {unknown}
 u - a potion of ambrosia {unknown}
 w - a potion of berserk rage {unknown}
 z - 3 potions of flight
 F - a potion of brilliance {unknown}


   Skills:
 + Level 7.5 Fighting
 + Level 10.9 Long Blades
 + Level 2.6 Throwing
 + Level 7.2 Armour
 + Level 4.4 Dodging
 + Level 1.6 Stealth


You had 9 spell levels left.
You didn't know any spells.
Your spell library contained the following spells:

 Spells                   Type           Power      Damage    Failure   Level
 Freeze                   Ice            0%         1d3       38%         1
 Kiss of Death            Conj/Necr      0%         2d5       38%         1
 Summon Small Mammal      Summ           0%         N/A       38%         1
 Call Canine Familiar     Summ           0%         N/A       77%         3
 Confusing Touch          Hex            0%         N/A       77%         3
 Frozen Ramparts          Ice            0%         1d1       77%         3
 Hailstorm                Conj/Ice       0%         3d3       77%         3
 Summon Guardian Golem    Hex/Summ       0%         N/A       77%         3
 Animate Dead             Necr           0%         N/A       99%         4
 Dispel Undead            Necr           0%         3d6       99%         4
 Haunt                    Necr/Summ      0%         N/A       100%        7
 Orb of Destruction       Conj           0%         9d5       100%        7
 Spellforged Servitor     Conj/Summ      0%         N/A       100%        7
 Infestation              Necr           0%         N/A       100%        8


Dungeon Overview and Level Annotations

Branches:
Dungeon (8/15)             Temple (0/1) D:7            Lair (0/5) D:11
  Sewer (visited)

Altars:
Cheibriados
Elyvilon
Hepliaklqana
Kikubaaqudgha
Okawaru
Ru
Sif Muna
Uskayaw
Vehumet
Wu Jian

Shops:
D:6 =   D:11 [

Portals:
Ice
Cave: D:11

Annotations:
D:8 exclusion: ice statue
D:11 3 transporters


Innate Abilities, Weirdness & Mutations

You are a tree.
Your roots penetrate the ground, keeping you stationary.
You cannot be teleported.
You are immune to unholy pain and torment.
Your maximum health is greatly increased.
Your equipment is partially melded.
You are immune to sickness and miasma.
((Your stone body is resilient. (AC +7)))
You are immune to poison.
You resist negative energy. (rN+)
((You are resistant to electric shocks. (rElec)))
You are resistant to unholy torment.
You are immune to petrification.


Message History

You hit the ice devil but do no damage.
The ice devil is moderately wounded.
The ice devil hits you but does no damage. x2
You hit the ice devil.
The ice devil is moderately wounded.
The ice devil hits you.
* * * LOW HITPOINT WARNING * * *
The ice devil freezes you! You resist.
* * * LOW HITPOINT WARNING * * *
The ice devil hits you.
* * * LOW HITPOINT WARNING * * *
The ice devil freezes you! You resist.
* * * LOW HITPOINT WARNING * * *
You feel much better.
The ice devil hits you but does no damage.
The ice devil hits you.
* * * LOW HITPOINT WARNING * * *
The ice devil freezes you. You resist.
* * * LOW HITPOINT WARNING * * *
Read: scroll of fear
Press: ? - help, Q - select action, (/) - cycle Dir - look around, f - activate Look: an ice devil (lightly wounded, chance to affect: 64%)
As you read the scroll of fear, it crumbles to dust.
You assume a fearsome visage.
The ice devil resists with some effort.
The ice devil easily resists.
The ice devil hits you but does no damage. x2
Read: scroll of butterflies
Press: ? - help, Q - select action, (/) - cycle Dir - look around, f - activate Look: an ice devil (lightly wounded)
As you read the scroll of butterflies, it crumbles to dust.
You hear the flapping of tiny wings.
The ice devil is knocked back by the sudden gust. x2
The ice devil hits you but does no damage.
Okay, then.
It was a potion of attraction.
You feel attractive to monsters. The ice devil hits you.
* * * LOW HITPOINT WARNING * * *
The ice devil freezes you! You resist.
You die...

####### #..∩..
#..... #.. .b..
#.# b.. #.## #b#
#..## ##b## #...#
#b44# #...###.#
###+#♣###........


#.bbbbbbb..# #####bbbb.b# ...bb#bbb## ########b# #.# #.# # #.# #. #.# You could
see 2 ice devils.

Vanquished Creatures
  Harold (D:11)
  Pikel (D:6)
  A cyclops (D:7)
  A gargoyle (D:6)
  A troll (D:11)
  Prince Ribbit (D:6)
  Sigmund (D:6)
  A shadow (D:11)
  A yak (D:11)
  A steam dragon (D:7)
  2 water moccasins
  5 black bears
  3 ice beasts
  An ogre (D:4)
  A centaur (D:7)
  3 phantoms
  3 kobold brigands
  5 bullfrogs
  4 scorpions
  3 wights (D:7)
  2 howler monkeys
  4 jellies
  2 orc priests
  2 sleepcaps
  3 hounds
  An iguana (D:6)
  3 orc wizards
  Ijyb (D:4)
  3 gnolls (D:5)
  8 adders
  4 river rats (Sewer)
  A shadow imp (D:5)
  2 ufetubi (D:6)
  4 worms
  4 dart slugs
  14 orcs
  7 endoplasms
  A giant cockroach (D:4)
  9 goblins
  6 hobgoblins
  8 ball pythons
  6 bats
  4 frilled lizards
  6 kobolds
  7 rats
152 creatures vanquished.

Vanquished Creatures (others)
  24 fungi (D:11)
  24 plants (D:11)
  A withered plant (D:7)
49 creatures vanquished.

Grand Total: 201 creatures vanquished

Notes
Turn   | Place    | Note
-------+----------+-------------------------------------------
     0 | D:1      | Ahpoh the Gargoyle Gladiator began the quest for the Orb.
     0 | D:1      | Reached XP level 1. HP: 12/12 MP: 1/1
   145 | D:1      | Reached XP level 2. HP: 17/17 MP: 2/2
   473 | D:1      | Reached skill level 3 in Long Blades
   597 | D:1      | Reached XP level 3. HP: 20/22 MP: 3/3
  1690 | D:3      | Found a hazy altar of Hepliaklqana.
  1777 | D:3      | Found an iron altar of Okawaru.
  1782 | D:3      | Found a sacrificial altar of Ru.
  1784 | D:3      | Found a snail-covered altar of Cheibriados.
  1914 | D:3      | Noticed a water moccasin
  1938 | D:3      | Killed a water moccasin
  1939 | D:3      | Reached skill level 4 in Long Blades
  1939 | D:3      | Reached skill level 1 in Armour
  1939 | D:3      | Reached XP level 4. HP: 14/28 MP: 4/4
  1939 | D:3      | Reached XP level 5. HP: 16/32 MP: 5/5
  2531 | D:4      | Found a white marble altar of Elyvilon.
  2581 | D:4      | Noticed an ogre
  2587 | D:4      | Noticed a kobold brigand
  2591 | D:4      | Killed an ogre
  2592 | D:4      | Reached XP level 6. HP: 38/38 MP: 6/6
  2637 | D:4      | Reached skill level 5 in Long Blades
  2728 | D:4      | Found a glowing drain.
  2745 | Sewer    | Entered a sewer
  2758 | Sewer    | Reached XP level 7. HP: 35/42 MP: 7/7
  3085 | Sewer    | Found a white marble altar of Elyvilon.
  3215 | D:4      | Reached skill level 6 in Long Blades
  3485 | D:4      | Noticed Ijyb
  3514 | D:4      | Killed Ijyb
  3846 | D:5      | Entered Level 5 of the Dungeon
  3888 | D:5      | Noticed Sigmund
  4064 | D:5      | Reached XP level 8. HP: 16/48 MP: 8/8
  4202 | D:5      | Found an ornate altar of the Wu Jian Council.
  4207 | D:5      | Became a worshipper of the Wu Jian Council
  4639 | D:5      | Reached skill level 7 in Long Blades
  4800 | D:6      | Killed Sigmund
  4860 | D:5      | Reached skill level 1 in Stealth
  4949 | D:5      | Reached skill level 5 in Fighting
  5097 | D:6      | Noticed a gargoyle
  5173 | D:6      | Noticed Prince Ribbit
  5192 | D:6      | Found Idelig's Jewellery Emporium.
  5208 | D:6      | Noticed Pikel
  5240 | D:5      | Reached skill level 8 in Long Blades
  5486 | D:7      | Found a staircase to the Ecumenical Temple.
  5549 | D:7      | Reached skill level 5 in Armour
  5549 | D:7      | Reached XP level 9. HP: 54/54 MP: 9/9
  5570 | D:7      | Found a radiant altar of Vehumet.
  5877 | D:7      | Noticed a cyclops
  5928 | D:6      | Killed Prince Ribbit
  5938 | D:6      | Reached * piety under Wu Jian
  6122 | D:6      | Killed Pikel
  6123 | D:6      | Reached skill level 9 in Long Blades
  6353 | D:6      | Killed a gargoyle
  6540 | D:6      | Found a hide-covered altar of Uskayaw.
  7019 | D:3      | You fall into a shaft and drop 1 floor!
  7279 | D:7      | Found an ancient bone altar of Kikubaaqudgha.
  7851 | D:7      | Killed a cyclops
  7852 | D:7      | Reached XP level 10. HP: 57/61 MP: 10/10
  7980 | D:8      | Found a shimmering blue altar of Sif Muna.
  8097 | D:8      | Noticed an ice statue
  8193 | D:8      | You fall into a shaft and drop 3 floors!
  8193 | D:11     | Found a transporter.
  8194 | D:11     | Found a transporter.
  8196 | D:11     | Found a transporter.
  8210 | D:11     | Noticed Harold
  8237 | D:11     | Killed Harold
  8238 | D:11     | Reached skill level 10 in Long Blades
  8418 | D:11     | Found a staircase to the Lair.
  8476 | D:11     | Found Meketup's Antique Armour Emporium.
  8536 | D:11     | Found a frozen archway.
  8568 | D:11     | HP: 1/94 [ice devil (10)]
  8572 | D:11     | Slain by an ice devil

Illustrated notes

Levels and vault maps discovered:
D:1:      dpeg_arrival_subterranean_lakeside_camping, layout_basic
D:2:      layout_basic, hangedman_feature_mirror
D:3:      layout_loops_ring, general_overflow_altar, minitemple
D:4:      layout_rooms, mainiacjoe_overflow_brackets,
          cheibrodos_sewer_entry_sluice, minivault_5, due_unseen_surprise,
          uniq_ijyb
D:5:      layout_basic, mainiacjoe_overflow_cross_hatched, kennysheep_donut,
          uniq_sigmund
D:6:      layout_rooms, nicolae_overflow_hidden_temple,
          minmay_shop_enchanted_jewellery, uniq_pikel, uniq_prince_ribbit1
D:7:      layout_gridville, mainiacjoe_overflow_boulevard,
          kiku_gazebo_garden_becter, minmay_temple_entry_waves
D:8:      cheibrodos_frozen_isle, layout_loops_corners,
          mainiacjoe_overflow_chevrons, enter_bailey_2,
          nicolae_shop_i_like_big_books
D:11:     layout_loops_corners, due_lair_maze_entry_diamond, serial_shops,
          nicolae_shop_hallway_stairs, portal_ice_cave_demonic_guard,
          nicolae_diode_quadrants, uniq_harold

Skill      XL: |  1  2  3  4  5  6  7  8  9 10 |
---------------+-------------------------------+-----
Long Blades    | 3 4 5 6 8 9 10 | 10.9
Fighting       | 3 4 5 6 7 |  7.5
Armour         | 1 2 3 5 6 7 |  7.2
Dodging        | 3 4 |  4.4
Stealth        | 1 |  1.6
Throwing       | 2 |  2.6

Action                     |  1- 3 |  4- 6 |  7- 9 | 10-12 || total
---------------------------+-------+-------+-------+-------++-------
  Melee: Long sword        |   153 |   122 |   543 |   209 ||  1027
         Punch             |     1 |       |     8 |     5 ||    14
  Throw: Throwing net      |       |     1 |     3 |       ||     4
         Javelin           |       |     1 |    12 |       ||    13
Ability: Lunge             |       |       |    11 |     5 ||    16
         Whirlwind         |       |       |     1 |     8 ||     9
    Use: Scroll            |     1 |     3 |     6 |     3 ||    13
         Potion            |       |       |     7 |     5 ||    12
 Armour: Chain mail        |    80 |    44 |   320 |    93 ||   537
         Skin              |       |       |    27 |    28 ||    55
  Dodge: Dodged            |   129 |    69 |   419 |   118 ||   735

Table legend: (Time is in decaauts)
 A = Elapsed time spent in this place.
 B = Non-inter-level travel time spent in this place.
 C = Inter-level travel time spent in this place.
 D = Time resting spent in this place.
 E = Time spent auto-exploring this place.
 F = Levels seen in this place.
 G = Mean time per level.
                   A        B        C        D        E       F      G
               +--------+--------+--------+--------+--------+-----+--------+
         Total |   8727 |   8577 |    150 |    694 |   3961 |  10 |  872.7 |
       Dungeon |   8256 |   8106 |    150 |    641 |   3821 |   9 |  917.3 |
         Sewer |    470 |    470 |      0 |     53 |    139 |   1 |  470.0 |
               +--------+--------+--------+--------+--------+-----+--------+

Top non-repeatable levels by time:
     D:5: 1451 daAuts
     D:7: 1328 daAuts
     D:6: 1148 daAuts
     D:4: 1118 daAuts
     D:3: 971 daAuts
     D:2: 845 daAuts
     D:1: 824 daAuts
   Sewer: 470 daAuts
    D:11: 358 daAuts
     D:8: 209 daAuts
